Map: Avalon Labs

Players

KyubiSzaku

  • Race: Terran Terran
  • League: Gold

losloccos

  • Race: Protoss Protoss

VenusProject

  • Race: Protoss Protoss

Heretic

  • Race: Terran Terran
  • League: Gold

Plan

  • Race: Protoss Protoss

Montegro

  • Race: Zerg Zerg
  • League: Gold

VOD

Have the link to the VOD?

Description

Time

  • Played on: Dec. 13, 2015, 3:13 p.m.
  • Length: 26:20
Show
View Real Time Build Order
Export as new Build Order

KyubiSzaku Terran 

Build Orders: MMM Bio 

Get SALT Encoding   

  12  0:01  SCV  
  13  0:13  SCV  
  14  0:19  Supply Depot  
  14  0:25  SCV  
  15  0:40  SCV  
  15  0:42  Barracks  
  16  0:52  Refinery  
  16  0:59  SCV  
  17  1:11  SCV  
  18  1:30  Orbital Command  
  18  1:31  Supply Depot  
  18  1:38  Marine  
  19  2:00  Command Center  
  19  2:04  SCV  
  20  2:16  SCV  
  21  2:28  SCV  
  22  2:30  Factory  
  22  2:44  SCV  
  22  2:47  Refinery  
  23  2:59  SCV  
  24  3:11  SCV, Barracks  
  24  3:12  Barracks  
  25  3:15  Factory Tech Lab  
  25  3:16  Engineering Bay  
  25  3:23  Barracks Tech Lab  
  25  3:30  Supply Depot  
  26  3:34  SCV  
  26  3:37  Orbital Command  
  26  3:38  Refinery  
  26  3:52  SCV  
  26  3:54  Siege Tank  
  30  3:57  Marine  
  30  4:00  Stimpack  
  31  4:05  Marine  
  32  4:15  Reaper  
  33  4:19  Bunker  
  33  4:23  Barracks Reactor  
  34  4:24  SCV  
  34  4:26  Siege Tank  
  34  4:29  SCV  
  38  4:47  Marine x2  
  38  4:48  SCV  
  38  4:49  SCV  
  42  5:02  Siege Tank  
  42  5:04  Marine x2  
  42  5:05  Marine  
  48  5:08  Terran Infantry Weapons Level 1, Starport  
  48  5:13  Engineering Bay  
  48  5:19  Refinery  
  48  5:21  SCV  
  49  5:22  Missile Turret  
  49  5:26  Missile Turret  
  49  5:47  SCV x2  
  51  6:03  Barracks Reactor  
  51  6:04  Marine x3  
  52  6:05  Combat Shields  
  52  6:06  Starport Reactor  
  52  6:07  Terran Infantry Armor Level 1  
  52  6:08  Armory  
  54  7:04  Supply Depot  
  54  7:07  Marine  
  54  7:11  Command Center  
  54  7:20  Supply Depot  
  54  7:26  SCV, Medivac x2, Marine x3  
  54  7:28  Supply Depot  
  62  7:41  Marine x2  
  62  7:42  SCV  
  62  7:44  Marine x2  
  67  8:03  Terran Infantry Weapons Level 2  
  67  8:04  Terran Infantry Armor Level 2  
  67  8:14  SCV  
  67  8:17  SCV  
  67  8:19  Marine  
  69  8:20  Marine x2  
  69  8:26  SCV  
  73  8:33  Marine x2  
  75  8:37  Marine x2  
  77  8:47  Marine  
  78  8:49  Medivac x2  
  78  8:51  Marine x2  
  84  8:57  Barracks  
  84  8:58  Barracks  
  84  9:01  Barracks  
  84  9:07  Marine x2  
  84  9:08  Marine  
  67  9:24  Planetary Fortress  
  67  9:27  Refinery  
  67  9:28  SCV x2  
  67  9:29  Refinery  
  67  9:31  Marine x5  
  74  9:40  Barracks  
  74  9:42  Medivac x2  
  78  9:48  Marine  
  78  9:49  Marine  
  80  9:55  Missile Turret  
  80  9:56  Missile Turret  
  80  10:02  SCV x2  
  80  10:03  SCV  
  83  10:07  Marine  
  83  10:08  Barracks Reactor x2, Marine x2  
  83  10:09  Barracks Reactor, Marine  
  83  10:10  Marauder  
  83  10:14  Missile Turret  
  89  10:30  Command Center  
  89  10:36  SCV x2  
  91  10:45  Marine x2  
  93  10:51  Supply Depot  
  93  10:54  Supply Depot  
  93  10:56  Supply Depot x2  
  93  10:58  Marauder, Marine x6  
  101  11:10  Marine  
  100  11:19  Marine x6  
  100  11:20  Marauder  
  108  11:40  Marine  
  108  11:41  Marauder, Marine x2  
  110  11:49  Marine x2  
  110  11:50  Marine  
  113  11:58  Supply Depot  
  113  12:01  Planetary Fortress  
  113  12:02  Marauder  
  113  12:05  Missile Turret  
  115  12:16  Thor  
  121  12:23  SCV x2  
  121  12:24  SCV, Marauder  
  121  12:28  Barracks Reactor  
  126  12:33  Terran Infantry Weapons Level 3  
  126  12:45  Marauder  
  126  12:47  Terran Infantry Armor Level 3  
  126  12:48  Marine  
  126  12:49  Marine x4  
  80  13:07  Marine x6, Marauder  
  88  13:28  Marauder  
  88  13:31  Marine x4  
  94  13:36  Marine x3  
  94  13:37  Marine x4  
  94  13:38  Marine  
  101  13:49  Marauder, Marine x4  
  101  13:54  Marine x4  
  101  13:55  Marine  
  102  14:09  Marine x5  
  104  14:10  Marine x2  
  104  14:11  Marauder  
  110  14:27  Marine x5  
  115  14:32  Marauder  
  116  14:39  Medivac x2  
  120  14:53  Marauder  
  122  15:08  Marine  
  122  15:09  Marine x7  
  122  15:13  Marine x2  
  122  15:14  Marine x2  
  132  15:15  Marauder  
  135  15:26  Marine x2  
  135  15:27  Marine x3  
  136  15:36  Marauder  
  138  15:48  Marine x2  
  138  15:49  Marine  
  141  16:05  Viking  
  141  16:06  Viking  
  141  16:09  Marauder  
  139  16:17  Thor  
  138  16:22  Marine x4  
  138  16:23  Marine x3  
  141  16:28  Marine  
  141  16:31  Marine  
  141  16:32  Marine  
  141  16:34  Marine  
  141  16:35  Marine  
  141  16:36  Viking  
  141  16:38  Marauder  
  141  16:40  Marine x2  
  141  16:41  Marine  
  132  16:59  Marauder  
  122  17:09  Marine x3  
  122  17:10  Marine x6  
  122  17:11  Marine x2  
  122  17:14  Marine  
  122  17:15  SCV  
  135  17:20  Terran Vehicle And Ship Armor Level 1, Marauder  
  137  17:27  Marine x3  
  140  17:51  Marine  
  140  17:56  Supply Depot, Marine x2  
  141  17:59  Marine x3, Marauder  
  141  18:00  Marine  
  141  18:01  Supply Depot, Marine x4  
  141  18:02  Marine  
  87  18:20  Marauder  
  87  18:22  Marine x7  
  87  18:23  Marine x3  
  99  18:32  Marine x2  
  101  18:39  Marine x2  
  101  18:40  Marine  
  104  18:42  Marauder  
  104  18:44  Marine x2  
  95  19:03  Marauder  
  78  19:17  Marine x2  
  78  19:18  Marine x6  
  74  19:25  Marauder  
  74  19:29  Medivac x2  
  74  19:30  Siege Tank  
  83  19:36  Marine x4  
  87  19:41  SCV x2  
  87  19:43  Command Center  
  89  19:46  Marauder  
  91  19:56  Marine x3  
  91  19:57  Marine x3  
  97  20:07  Marauder  
  99  20:17  Marine x3  
  99  20:18  Marine x3  
  105  20:25  Marine x3  
  105  20:26  Marine x3  
  105  20:27  SCV  
  113  20:28  Marine  
  113  20:35  Marine  
  114  20:36  Medivac  
  114  20:37  Medivac  
  114  20:38  Terran Vehicle And Ship Armor Level 2  
  82  21:20  Marauder, Marine x3  
  82  21:21  Marine x4  
  61  21:39  Marine x4  
  59  21:48  Marine x3  
  59  21:49  Marauder, Marine x5  
  69  21:56  Marine  
  69  21:57  Marine x3  
  69  22:00  SCV  
  69  22:01  SCV x2  
  76  22:06  Marine x3  
  76  22:07  Marine x5  
  84  22:11  Marauder  
  84  22:13  SCV  
  84  22:14  Marine x2  
  84  22:15  Marine x2  
  91  22:24  Marine  
  92  22:32  Marauder  
  92  22:34  Marine x4  
  92  22:35  Marine  
  88  22:54  Orbital Command  
  88  22:55  SCV x2  
  90  23:05  Marine x4  
  92  23:06  Marauder, Marine x5  
  92  23:09  Medivac x2  
  105  23:18  Marine x2  
  105  23:19  SCV x3  
  110  23:27  Marauder  
  110  23:33  SCV  
  99  23:42  Marine x3  
  99  23:43  Marine x4  
  106  23:49  Marauder  
  108  23:59  Marine x4  
  108  24:00  Marine x5  
  108  24:01  Marine x3  
  120  24:10  Marauder  
  122  24:17  Marine  
  122  24:19  Marine x4  
  122  24:20  Marine x2  
  124  24:32  Marauder  
  124  24:35  Marine  
  124  24:37  Marine x3  
  117  24:47  Marine x2  
  119  24:52  Marine  
  119  24:53  Marauder  
  119  24:54  Marine  
  119  24:55  Marine x2  
  119  24:59  SCV  
  127  25:00  SCV x2  
  127  25:04  Marine  
  122  25:14  Marauder  
  122  25:18  Marine x3  
  122  25:19  SCV, Marine x2  
  122  25:20  SCV x3  
  133  25:22  Marine  
  130  25:32  SCV x2  
  126  25:36  Marine x4, Marauder  
  126  25:37  Marine  
  129  25:57  Marauder, Marine x6  
  129  26:02  Refinery  
  135  26:04  Refinery  
Show
View Real Time Build Order
Export as new Build Order

losloccos Protoss 

Build Orders: Nexus First 

Get SALT Encoding   

  12  0:44  Probe (Chrono Boost)  
  12  0:45  Nexus  
  13  0:54  Probe (Chrono Boost)  
  14  1:03  Pylon  
  14  1:05  Probe (Chrono Boost)  
  14  1:10  Assimilator  
  15  1:21  Probe (Chrono Boost)  
  15  1:25  Gateway  
  16  1:29  Assimilator  
  16  1:32  Probe (Chrono Boost)  
  17  1:43  Probe (Chrono Boost)  
  18  1:53  Probe (Chrono Boost)  
  19  2:04  Probe (Chrono Boost), Forge  
  20  2:09  Probe (Chrono Boost)  
  21  2:16  Cybernetics Core  
  21  2:22  Probe (Chrono Boost)  
  22  2:35  Probe (Chrono Boost)  
  22  2:36  Pylon  
  24  2:37  Probe (Chrono Boost)  
  24  2:46  Probe (Chrono Boost)  
  25  2:56  Probe (Chrono Boost), Stargate  
  27  2:58  Probe (Chrono Boost)  
  27  3:07  Probe (Chrono Boost)  
  27  3:12  Probe (Chrono Boost)  
  29  3:18  Probe (Chrono Boost)  
  30  3:21  Photon Cannon  
  30  3:23  Probe (Chrono Boost)  
  30  3:24  Assimilator  
  31  3:30  Probe (Chrono Boost)  
  32  3:39  Void Ray  
  36  3:50  Pylon  
  36  3:58  Assimilator  
  36  4:00  Pylon  
  36  4:10  Stargate  
  36  4:21  Probe (Chrono Boost), Stargate  
  37  4:32  Probe (Chrono Boost)  
  38  4:40  Void Ray  
  42  4:49  Stargate  
  42  4:50  Probe (Chrono Boost)  
  43  5:00  Probe (Chrono Boost)  
  44  5:11  Probe (Chrono Boost)  
  45  5:18  Void Ray  
  49  5:21  Nexus  
  49  5:22  Probe (Chrono Boost)  
  50  5:29  Pylon  
  50  5:32  Probe (Chrono Boost)  
  51  5:39  Void Ray  
  55  5:53  Photon Cannon  
  55  5:57  Photon Cannon  
  55  6:02  Photon Cannon  
  55  6:04  Photon Cannon  
  55  6:17  Void Ray  
  59  6:20  Probe (Chrono Boost)  
  60  6:33  Pylon  
  60  6:56  Probe (Chrono Boost)  
  61  7:01  Photon Cannon  
  61  7:07  Probe (Chrono Boost)  
  62  7:17  Probe (Chrono Boost)  
  63  7:24  Photon Cannon  
  63  7:27  Void Ray  
  63  7:28  Probe (Chrono Boost), Void Ray  
  72  7:33  Void Ray  
  72  7:34  Stargate  
  76  7:38  Probe (Chrono Boost)  
  76  7:39  Void Ray  
  81  8:01  Probe (Chrono Boost), Nexus  
  81  8:05  Assimilator  
  82  8:11  Protoss Air Weapons Level 1 (Chrono Boost)  
  82  8:13  Probe  
  82  8:18  Void Ray  
  87  8:22  Pylon  
  87  8:25  Probe  
  88  8:27  Pylon  
  88  8:31  Assimilator  
  88  8:37  Probe  
  88  8:40  Void Ray  
  93  8:43  Fleet Beacon  
  93  8:45  Probe  
  94  8:50  Probe  
  95  8:56  Probe, Photon Cannon  
  95  9:00  Photon Cannon  
  96  9:12  Void Ray x2  
  104  9:17  Probe  
  104  9:20  Photon Cannon  
  104  9:21  Probe  
  106  9:28  Probe  
  107  9:31  Probe  
  107  9:32  Carrier  
  107  9:37  Probe  
  114  9:38  Probe  
  116  9:49  Probe  
  116  9:52  Pylon  
  117  9:59  Probe  
  114  10:10  Probe  
  114  10:11  Photon Cannon  
  115  10:16  Photon Cannon  
  115  10:20  Probe, Carrier  
  115  10:21  Carrier  
  121  10:26  Stargate  
  128  10:31  Probe  
  128  10:33  Pylon  
  129  10:35  Pylon  
  129  10:39  Pylon  
  129  10:41  Probe, Protoss Air Armor Level 1 (Chrono Boost), Pylon  
  129  10:47  Assimilator  
  129  10:49  Pylon  
  130  10:50  Carrier  
  130  10:52  Probe  
  137  11:00  Carrier  
  137  11:03  Probe  
  143  11:05  Tempest  
  148  11:13  Probe  
  149  11:24  Probe  
  150  11:44  Void Ray  
  154  11:50  Pylon  
  154  11:54  Void Ray x2  
  154  11:55  Probe, Void Ray  
  167  12:03  Cybernetics Core  
  167  12:05  Pylon  
  167  12:10  Probe  
  168  12:15  Nexus  
  168  12:16  Assimilator  
  168  12:20  Probe  
  168  12:21  Carrier  
  175  12:37  Tempest  
  175  12:40  Carrier  
  185  12:44  Pylon  
  185  12:51  Pylon  
  185  12:54  Pylon  
  185  12:55  Carrier  
  187  13:01  Carrier  
  159  13:43  Carrier  
  159  13:48  Carrier  
  165  13:52  Probe  
  160  13:58  Assimilator  
  156  14:03  Probe  
  156  14:05  Carrier  
  139  14:44  Carrier x2  
  151  14:53  Assimilator  
  147  15:06  Protoss Air Armor Level 2 (Chrono Boost)  
  147  15:09  Carrier  
  153  15:20  Void Ray  
  157  15:21  Void Ray  
  161  15:31  Void Ray  
  102  16:32  Void Ray x4  
  82  16:34  Void Ray  
  78  17:12  Probe  
  78  17:15  Void Ray x4  
  87  17:17  Void Ray  
  99  17:23  Probe  
  100  17:33  Probe  
  101  17:44  Probe  
  102  17:54  Probe  
  102  17:58  Void Ray x3  
  115  18:05  Probe  
  115  18:15  Probe  
  112  18:37  Void Ray x2  
  112  18:40  Void Ray  
  112  18:41  Void Ray x2  
  124  19:03  Protoss Air Weapons Level 2 (Chrono Boost)  
  124  19:20  Void Ray x2  
  124  19:23  Void Ray x3  
  144  20:03  Void Ray x2  
  152  20:16  Forge  
  152  20:33  Nexus  
  152  20:35  Void Ray x2  
  152  20:36  Void Ray  
  164  20:46  Void Ray x2  
  152  21:55  Void Ray x3  
  152  21:56  Void Ray x2  
  172  22:14  Protoss Air Weapons Level 3 (Chrono Boost)  
  172  22:38  Void Ray x4  
  172  22:39  Void Ray  
  168  23:21  Void Ray x5  
  172  24:04  Void Ray x3  
  176  24:25  Void Ray  
  176  24:26  Void Ray  
  184  24:46  Void Ray  
  184  24:47  Void Ray x2  
  196  25:08  Void Ray  
  200  25:46  Nexus  
Show
View Real Time Build Order
Export as new Build Order

VenusProject Protoss 

Build Orders: Oracle Opening 

Get SALT Encoding   

  12  0:01  Probe (Chrono Boost)  
  13  0:11  Probe (Chrono Boost)  
  14  0:22  Probe (Chrono Boost)  
  14  0:24  Pylon  
  15  0:33  Assimilator  
  15  0:42  Probe (Chrono Boost)  
  16  0:50  Gateway  
  16  0:52  Probe (Chrono Boost)  
  17  1:03  Probe (Chrono Boost)  
  18  1:07  Pylon  
  18  1:13  Probe (Chrono Boost)  
  19  1:33  Probe (Chrono Boost)  
  19  1:37  Assimilator  
  20  1:41  Cybernetics Core  
  20  1:44  Probe (Chrono Boost)  
  21  2:08  Probe (Chrono Boost)  
  22  2:19  Warp Gate  
  22  2:21  Probe (Chrono Boost)  
  23  2:23  Nexus  
  23  2:24  Pylon  
  23  2:28  Stargate  
  23  2:42  Mothership Core (Chrono Boost)  
  25  2:46  Stalker  
  27  3:13  Oracle  
  27  3:14  Gateway  
  27  3:16  Gateway  
  30  3:20  Probe (Chrono Boost)  
  31  3:31  Probe (Chrono Boost)  
  31  3:33  Pylon  
  34  3:41  Probe x2 (Chrono Boost)  
  34  4:49  Probe x2 (Chrono Boost)  
  34  4:51  Stalker x2  
  34  4:52  Stalker  
  42  4:57  Pylon  
  42  4:58  Pylon  
  42  5:03  Robotics Facility  
  42  5:22  Probe x2 (Chrono Boost)  
  42  5:27  Stalker x3  
  50  5:33  Probe (Chrono Boost)  
  50  5:35  Forge  
  43  5:36  Forge  
  42  5:42  Probe (Chrono Boost)  
  42  5:43  Probe (Chrono Boost)  
  43  6:16  Twilight Council  
  43  6:19  Probe x2 (Chrono Boost)  
  43  6:21  Photon Cannon  
  45  6:27  Protoss Ground Weapons Level 1, Protoss Ground Armor Level 1  
  45  6:29  Probe x2 (Chrono Boost)  
  48  6:40  Probe (Chrono Boost)  
  48  7:14  Probe x2 (Chrono Boost)  
  49  7:23  Assimilator  
  49  7:24  Probe x2 (Chrono Boost)  
  49  7:28  Assimilator  
  51  7:34  Gateway, Blink  
  51  7:36  Gateway  
  51  7:38  Probe x2 (Chrono Boost), Gateway  
  51  7:41  Gateway  
  51  7:43  Gateway  
  53  7:48  Probe x2 (Chrono Boost)  
  55  7:59  Probe x2 (Chrono Boost)  
  55  8:03  Pylon  
  57  8:06  Nexus  
  57  8:09  Pylon  
  59  8:12  Probe (Chrono Boost)  
  59  8:13  Probe (Chrono Boost)  
  59  8:23  Protoss Ground Armor Level 2 (Chrono Boost), Protoss Ground Weapons Level 2 (Chrono Boost)  
  59  8:33  Immortal  
  63  8:49  Stalker  
  63  8:50  Stalker x4  
  75  9:02  Probe (Chrono Boost)  
  75  9:03  Probe (Chrono Boost)  
  75  9:27  Stalker x5  
  75  9:28  Stalker  
  87  9:46  Stalker x2, Probe  
  87  9:47  Probe  
  87  9:48  Probe  
  94  9:57  Probe  
  94  9:59  Probe  
  96  10:18  Stalker x3  
  96  10:19  Stalker x3  
  108  10:26  Pylon  
  108  10:27  Pylon  
  108  10:28  Pylon  
  108  10:46  Stalker x4  
  108  10:47  Stalker x2  
  110  11:16  Stalker x3  
  110  11:17  Stalker x3  
  110  11:18  Stalker x2  
  112  11:38  Immortal  
  116  11:41  Templar Archives  
  116  11:49  Stalker x4  
  124  11:56  Probe, Assimilator  
  124  11:57  Probe  
  124  11:58  Probe  
  124  12:00  Assimilator  
  127  12:05  Stalker  
  127  12:06  Probe  
  130  12:20  Psionic Storm, Pylon  
  130  12:22  Pylon  
  130  12:26  High Templar  
  132  12:32  Pylon  
  58  13:25  Stalker x5  
  58  13:26  Stalker x3  
  71  14:00  Stalker x2  
  71  14:01  Stalker x5  
  71  14:02  Stalker  
  86  14:03  Immortal  
  85  14:24  Stalker  
  85  14:25  Stalker x5  
  90  15:05  High Templar x2  
  90  15:06  High Templar x4  
  90  15:07  High Templar  
  104  15:09  Observer  
  105  15:35  Archon x3  
  105  15:43  Zealot x4  
  97  16:36  Stalker x2  
  97  16:37  Stalker  
  97  16:38  High Templar  
  33  18:17  Nexus  
  33  18:19  Pylon  
  27  18:44  High Templar x5  
  27  18:45  High Templar  
  39  18:56  Archon x3  
  39  19:26  Stalker x4  
  47  19:39  Probe  
  47  19:41  Probe x2  
  50  19:56  High Templar x2  
  50  19:57  High Templar x6  
  66  20:09  Archon x3  
  66  20:10  Archon  
  66  20:29  Stalker  
  66  20:30  Stalker x5  
  66  20:31  Stalker  
  80  20:36  Probe, Assimilator  
  80  20:37  Probe  
  80  20:40  Probe  
  83  20:44  Observer  
  40  21:38  Stalker x3  
  40  21:39  Stalker x5  
  50  22:02  Zealot x5  
  50  22:03  Zealot x3  
  50  22:08  Immortal  
  70  22:27  Zealot x4  
  70  22:28  Zealot x4  
  86  22:47  Observer  
  87  23:05  Stalker x3  
  89  23:06  Stalker x3  
  89  23:07  Stalker  
  69  23:55  Stalker x4  
  73  23:56  Stalker x4  
  73  24:00  Assimilator  
  85  24:27  Zealot x5  
  85  24:28  Zealot x3  
  85  24:45  Nexus  
  85  25:12  High Templar x2  
  85  25:13  High Templar  
  91  25:26  Archon  
  91  25:57  Zealot x3  
  95  26:18  Zealot  
  95  26:19  Zealot x2  
Show
View Real Time Build Order
Export as new Build Order

Heretic Terran 

Build Orders: Command Center First (CC), MMM Bio 

Get SALT Encoding   

  12  0:01  SCV  
  13  0:13  SCV  
  14  0:18  Supply Depot  
  14  0:25  SCV  
  15  0:31  Refinery  
  15  0:39  SCV  
  16  0:51  SCV  
  17  1:10  Command Center  
  17  1:14  SCV  
  18  1:23  Barracks  
  18  1:34  SCV  
  19  1:47  SCV  
  19  1:51  Supply Depot  
  20  1:59  SCV  
  21  2:16  Orbital Command  
  21  2:19  Marine  
  21  2:21  Factory  
  22  2:25  Orbital Command  
  22  2:42  Supply Depot  
  22  2:48  SCV  
  22  2:50  Engineering Bay  
  23  2:54  Barracks Reactor  
  23  3:01  SCV  
  24  3:07  Refinery  
  24  3:10  Factory Tech Lab  
  24  3:12  Barracks  
  24  3:13  SCV  
  24  3:16  Starport  
  25  3:21  SCV  
  25  3:22  Missile Turret  
  26  3:36  SCV x2  
  26  3:39  Missile Turret  
  28  3:44  Terran Infantry Weapons Level 1  
  28  3:46  Marine x2  
  28  3:48  SCV x2  
  32  3:56  Starport Reactor  
  32  4:01  Barracks Tech Lab  
  32  4:04  Marine  
  32  4:09  Barracks  
  33  4:10  SCV  
  33  4:12  Barracks  
  34  4:21  Stimpack  
  34  4:27  Hellion  
  36  4:40  Marine x2  
  36  4:41  Medivac  
  36  4:43  Medivac  
  42  4:48  Hellion  
  44  4:54  SCV x2  
  44  4:55  Supply Depot  
  46  5:00  Refinery  
  46  5:01  Refinery  
  46  5:04  Missile Turret  
  46  5:06  SCV  
  46  5:07  SCV  
  48  5:10  Barracks Tech Lab  
  48  5:11  Barracks Reactor  
  48  5:18  SCV  
  49  5:23  SCV  
  50  5:30  SCV  
  50  5:34  Marauder x2  
  50  5:35  SCV  
  56  5:38  Medivac  
  56  5:41  Medivac  
  60  5:42  SCV  
  60  5:47  Combat Shields, SCV  
  62  5:57  SCV, Marauder, Marine x4  
  62  5:58  Supply Depot  
  62  5:59  SCV  
  70  6:12  Supply Depot  
  70  6:20  SCV x2  
  70  6:21  Supply Depot, Liberator  
  72  6:28  Concussive Shells  
  72  6:29  Marine x3  
  72  6:30  Marine  
  72  6:32  SCV x2  
  78  6:34  Infernal Pre-Igniter  
  78  6:36  Hellion  
  83  6:44  SCV x2  
  85  6:56  SCV  
  86  7:08  SCV  
  87  7:18  SCV  
  87  7:20  SCV  
  89  7:27  Terran Infantry Armor Level 1  
  89  7:30  SCV  
  89  7:32  SCV  
  89  7:34  Engineering Bay  
  89  7:36  Armory  
  91  7:38  Armory  
  91  7:42  SCV, Factory x2  
  92  7:44  SCV, Factory  
  92  7:46  Factory  
  92  7:48  Command Center  
  75  7:54  SCV  
  75  7:56  SCV  
  75  7:58  Marine, Liberator x2  
  77  7:59  Marine x4  
  82  8:06  SCV  
  83  8:14  Marine  
  90  8:20  Marine  
  90  8:21  Marine  
  92  8:40  SCV x2  
  94  8:42  Liberator x2  
  94  8:50  Supply Depot  
  94  8:57  Terran Infantry Weapons Level 2  
  94  8:59  Terran Vehicle Weapons Level 1  
  94  9:00  Terran Vehicle And Ship Armor Level 1  
  94  9:02  Refinery  
  100  9:04  Refinery  
  100  9:07  Orbital Command  
  100  9:11  SCV x2  
  102  9:18  Factory Tech Lab x2, Factory Reactor  
  102  9:19  Factory Reactor  
  102  9:23  SCV  
  102  9:24  SCV, Terran Infantry Armor Level 2  
  104  9:27  Marine x5  
  104  9:28  Marine  
  110  9:35  SCV  
  111  9:38  Supply Depot  
  111  9:45  Marine x6  
  112  9:47  Supply Depot  
  112  9:49  Supply Depot x2  
  112  9:51  Supply Depot  
  117  10:00  Cyclone x2  
  117  10:04  Cyclone  
  111  10:23  Marauder x2  
  111  10:24  Marine  
  111  10:25  Marine x3  
  111  10:27  SCV  
  120  10:29  SCV  
  120  10:30  Orbital Command  
  121  10:42  Marine  
  121  10:43  Marine x3  
  121  10:44  Marauder x2  
  129  10:51  Medivac x2  
  133  11:00  Marine  
  134  11:06  Marauder x2  
  138  11:17  SCV  
  138  11:18  SCV x2  
  141  11:21  Supply Depot, Medivac  
  143  11:29  SCV  
  143  11:30  SCV x2  
  146  11:42  SCV x3  
  146  11:43  Supply Depot  
  149  11:53  Terran Infantry Weapons Level 3  
  149  11:54  SCV x3, Terran Infantry Armor Level 3, Terran Vehicle Weapons Level 2  
  150  11:55  Terran Vehicle And Ship Armor Level 2  
  150  12:00  Hellion x6  
  164  12:05  Supply Depot  
  164  12:06  SCV x3  
  167  12:13  Marine  
  167  12:14  Marine x5  
  173  12:24  SCV x3  
  173  12:27  Supply Depot  
  176  12:30  Medivac x2  
  176  12:31  Marine  
  176  12:32  Marine x5  
  186  12:45  SCV x2  
  186  12:49  SCV, Marine  
  190  12:54  Command Center  
  190  12:57  SCV  
  191  13:00  Medivac  
  191  13:03  Liberator  
  193  13:21  Marine x4  
  184  14:44  Medivac x2  
  188  14:50  Orbital Command  
  188  14:51  Refinery  
  185  15:01  Refinery  
  185  15:14  Medivac x2  
  186  15:32  Command Center  
  186  15:39  Command Center  
  185  15:54  Marine  
  185  15:55  Marine x5  
  173  16:12  Marine x2  
  173  16:13  Marine x4  
  171  16:30  Marine x4  
  171  16:31  Marine x2  
  167  16:48  Marine x6  
  167  16:50  Barracks  
  146  17:06  Marine x6  
  132  17:19  Barracks  
  132  17:20  Barracks  
  132  17:21  Barracks  
  115  17:23  Marine, Orbital Command  
  115  17:24  Marine x5, Orbital Command  
  115  17:38  Cyclone x3  
  115  17:39  Barracks  
  115  17:42  Marine x2  
  120  17:49  Barracks  
  120  17:50  Barracks  
  114  18:10  Cyclone x3  
  104  18:15  Marine x4, Marauder x2  
  75  18:27  Terran Vehicle Weapons Level 3  
  75  18:28  Terran Vehicle And Ship Armor Level 3  
  75  18:33  Marine x4  
  71  18:36  Marauder  
  71  18:37  Marauder  
  73  18:42  Cyclone  
  73  18:47  Command Center  
  76  18:50  Marine  
  76  18:51  Marine x3  
  76  18:52  Command Center  
  80  18:57  SCV, Marauder  
  80  18:58  Marauder  
  85  19:08  Marine  
  85  19:09  Marine x3  
  89  19:18  Marine  
  89  19:19  Marine  
  89  19:21  Hellion x3  
  89  19:23  Barracks x2  
  97  19:24  Barracks  
  97  19:25  Building Armor  
  97  19:26  Barracks, Marine  
  97  19:27  Neosteel Frame, Barracks x2, Marine x2  
  97  19:29  Barracks  
  100  19:33  Marine  
  100  19:35  Barracks Tech Lab  
  100  19:36  Marine  
  100  19:37  Marine  
  103  19:44  Marine  
  104  19:50  Medivac  
  106  19:56  Refinery x2  
  106  20:07  Refinery  
  106  20:10  Orbital Command  
  106  20:16  Refinery  
  106  20:17  Barracks  
  106  20:24  Barracks Tech Lab x3  
  106  20:34  SCV  
  106  20:35  SCV x2  
  110  20:36  Barracks Tech Lab x2  
  110  20:37  Barracks Reactor  
  110  20:38  Barracks Reactor  
  110  20:46  Hi-Sec Auto Tracking  
  109  21:05  Terran Ship Weapons Level 1  
  109  21:11  Orbital Command  
  95  21:36  Marine  
  95  21:37  Marine x14  
  71  21:54  Marine  
  71  21:55  Marine x14  
  86  22:06  SCV  
  86  22:07  SCV x2  
  89  22:09  SCV  
  89  22:12  Marine x2  
  89  22:13  Marine x13  
  89  22:14  Orbital Command  
  105  22:30  Marine x7  
  105  22:31  Marine x4  
  105  22:37  Marine x3  
  116  22:42  Medivac x2  
  123  22:45  Marine  
  123  22:48  Marine x4  
  96  23:07  Marine x13  
  96  23:12  Medivac x2  
  113  23:23  Widow Mine x3  
  113  23:24  Widow Mine x2  
  113  23:25  Widow Mine x2  
  127  23:41  Marine  
  127  23:42  Marine x12  
  127  23:43  Marine x2  
  142  23:51  Widow Mine  
  140  23:59  Marine  
  140  24:00  Marine x12  
  99  24:17  Marine  
  99  24:18  Marine x10  
  99  24:35  Marine x3  
  94  24:47  SCV  
  56  24:59  SCV  
  54  25:11  SCV  
  54  25:15  Marine x3, Marauder x3  
  63  25:24  SCV  
  34  25:36  SCV, Marauder x2  
  35  25:46  Medivac x2  
  38  25:58  Marauder x2  
  38  26:02  Barracks  
Show
View Real Time Build Order
Export as new Build Order

Plan Protoss 

Build Orders: Oracle Opening 

Get SALT Encoding   

  12  0:01  Probe (Chrono Boost)  
  13  0:16  Probe (Chrono Boost)  
  13  0:20  Pylon  
  14  0:28  Probe (Chrono Boost)  
  15  0:40  Gateway, Probe (Chrono Boost)  
  16  0:48  Assimilator  
  16  0:51  Probe (Chrono Boost)  
  17  1:02  Probe (Chrono Boost)  
  18  1:11  Assimilator  
  18  1:13  Probe (Chrono Boost)  
  19  1:23  Probe (Chrono Boost), Pylon  
  20  1:30  Cybernetics Core  
  20  1:34  Probe (Chrono Boost)  
  21  1:44  Probe (Chrono Boost)  
  22  1:47  Forge  
  22  1:55  Probe (Chrono Boost)  
  23  2:13  Stargate  
  23  2:21  Stalker  
  27  2:23  Mothership Core (Chrono Boost)  
  27  2:36  Pylon  
  27  2:39  Pylon  
  27  2:41  Probe (Chrono Boost)  
  28  3:02  Oracle (Chrono Boost)  
  31  3:06  Nexus  
  31  3:36  Oracle (Chrono Boost)  
  31  3:40  Photon Cannon  
  34  3:47  Photon Cannon  
  34  3:55  Pylon  
  34  3:59  Pylon  
  34  4:07  Oracle (Chrono Boost)  
  37  4:25  Probe  
  40  4:38  Oracle (Chrono Boost)  
  40  5:06  Photon Cannon  
  40  5:12  Photon Cannon  
  40  5:17  Protoss Air Weapons Level 1  
  40  6:13  Probe  
  40  6:14  Probe  
  42  6:20  Phoenix (Chrono Boost)  
  42  6:24  Probe  
  45  6:26  Probe  
  46  6:34  Probe  
  46  6:39  Probe  
  48  6:42  Phoenix (Chrono Boost)  
  48  6:45  Probe  
  51  6:51  Probe  
  52  6:55  Probe  
  53  7:03  Probe  
  53  7:04  Phoenix (Chrono Boost)  
  56  7:11  Protoss Air Armor Level 1  
  56  7:25  Phoenix (Chrono Boost)  
  55  7:36  Fleet Beacon  
  55  7:40  Stargate  
  55  7:45  Probe  
  55  7:46  Probe  
  55  7:47  Phoenix (Chrono Boost)  
  59  7:56  Probe  
  60  7:59  Probe  
  61  8:06  Probe  
  61  8:09  Phoenix (Chrono Boost)  
  61  8:11  Probe, Assimilator  
  65  8:16  Assimilator  
  65  8:17  Probe  
  66  8:23  Probe  
  69  8:27  Probe  
  69  8:30  Phoenix (Chrono Boost)  
  69  8:31  Phoenix (Chrono Boost)  
  72  8:35  Probe  
  73  8:42  Cybernetics Core  
  73  8:58  Phoenix (Chrono Boost)  
  77  9:04  Phoenix (Chrono Boost)  
  77  9:49  Pylon  
  77  9:51  Pylon  
  77  9:53  Pylon  
  77  9:55  Pylon  
  81  10:07  Phoenix (Chrono Boost)  
  81  10:10  Phoenix (Chrono Boost)  
  81  10:29  Tempest (Chrono Boost)  
  81  10:34  Protoss Air Weapons Level 2  
  89  10:38  Tempest (Chrono Boost)  
  89  11:06  Tempest (Chrono Boost)  
  70  11:38  Tempest (Chrono Boost)  
  70  11:43  Tempest (Chrono Boost)  
  74  11:57  Nexus  
  74  12:06  Protoss Air Armor Level 2  
  78  12:20  Tempest (Chrono Boost)  
  41  13:34  Probe  
  37  13:35  Probe  
  35  14:19  Phoenix (Chrono Boost)  
  35  14:22  Phoenix (Chrono Boost)  
  39  14:40  Phoenix (Chrono Boost)  
  43  14:47  Phoenix (Chrono Boost)  
  43  15:02  Phoenix (Chrono Boost)  
  45  15:12  Phoenix (Chrono Boost)  
  47  15:24  Phoenix (Chrono Boost)  
  51  15:37  Phoenix (Chrono Boost)  
  51  15:46  Phoenix (Chrono Boost)  
  50  16:18  Phoenix (Chrono Boost)  
  54  16:21  Phoenix (Chrono Boost)  
  52  16:40  Phoenix (Chrono Boost)  
  52  16:46  Phoenix (Chrono Boost)  
  56  17:01  Phoenix (Chrono Boost)  
  53  19:25  Carrier (Chrono Boost)  
  53  19:35  Zealot  
  53  19:36  Carrier (Chrono Boost)  
  55  20:02  Zealot  
  57  20:29  Zealot  
  59  20:37  Graviton Catapult  
  71  20:57  Zealot  
  67  21:24  Zealot  
  47  21:49  Void Ray (Chrono Boost)  
  47  21:54  Void Ray (Chrono Boost)  
  55  22:11  Zealot  
  57  22:26  Void Ray (Chrono Boost)  
  61  22:31  Void Ray (Chrono Boost)  
  65  22:38  Zealot  
  67  23:04  Void Ray (Chrono Boost)  
  67  23:05  Zealot  
  73  23:08  Void Ray (Chrono Boost)  
  77  23:32  Zealot  
  59  23:41  Void Ray (Chrono Boost)  
  59  23:45  Void Ray (Chrono Boost)  
  47  23:59  Zealot  
  46  24:18  Void Ray (Chrono Boost)  
  50  24:23  Void Ray (Chrono Boost)  
Show
View Real Time Build Order
Export as new Build Order

Montegro Zerg 

Build Orders: Hatch First, Lurkers 

Get SALT Encoding   

  12  0:01  Drone  
  13  0:13  Overlord  
  13  0:17  Drone  
  14  0:32  Drone  
  16  0:36  Drone  
  17  0:57  Hatchery  
  15  1:05  Spawning Pool  
  15  1:09  Extractor  
  15  1:10  Drone  
  14  1:15  Drone  
  15  1:19  Drone  
  16  1:33  Drone  
  17  1:41  Drone, Extractor  
  17  1:50  Overlord  
  17  1:53  Queen  
  19  2:00  Drone  
  20  2:09  Queen  
  20  2:13  Zergling x2  
  23  2:20  Metabolic Boost  
  23  2:24  Zergling x2  
  23  2:28  Zergling x2  
  25  2:38  Zergling x2  
  25  2:39  Drone  
  27  2:47  Spore Crawler  
  27  2:48  Drone  
  27  2:58  Overlord  
  27  3:11  Spore Crawler  
  26  3:13  Drone x2  
  26  3:17  Drone  
  29  3:26  Drone x2  
  31  3:31  Drone  
  32  3:41  Lair  
  32  3:47  Drone x2  
  34  3:50  Drone  
  35  3:58  Extractor  
  32  4:25  Drone  
  32  4:26  Drone x4  
  32  4:29  Extractor  
  36  4:32  Spore Crawler  
  36  4:36  Spore Crawler  
  34  4:48  Queen  
  34  4:51  Drone  
  34  4:52  Drone x4  
  41  4:53  Drone x2  
  41  4:57  Overlord x2  
  43  5:05  Overlord  
  43  5:15  Hydralisk Den  
  43  5:19  Zergling x2  
  43  5:20  Zergling x6  
  44  5:35  Spore Crawler  
  44  5:39  Evolution Chamber  
  44  5:41  Drone x2  
  44  5:42  Drone  
  46  5:45  Lurker Den  
  46  5:49  Drone  
  47  5:50  Drone x3  
  47  5:53  Drone  
  51  6:04  Hydralisk x3  
  51  6:07  Zerg Missile Weapons Level 1  
  57  6:13  Drone  
  58  6:24  Drone  
  58  6:25  Drone  
  60  6:30  Hydralisk x4  
  68  6:34  Overlord  
  68  6:59  Hydralisk  
  68  7:00  Hydralisk  
  72  7:01  Hydralisk  
  72  7:07  Overlord x2  
  74  7:12  Lurker x2  
  76  7:25  Hydralisk  
  76  7:26  Hydralisk x3  
  84  7:31  Overlord  
  84  7:44  Overlord  
  84  7:45  Overlord  
  84  7:52  Hatchery  
  84  7:53  Hydralisk x4  
  84  7:57  Lurker  
  92  8:00  Overlord  
  92  8:20  Lurker x6  
  92  8:21  Lurker x5  
  103  8:34  Hydralisk x2  
  103  8:35  Hydralisk x4  
  103  8:39  Zerg Ground Armor Level 1  
  115  8:44  Evolution Chamber, Drone  
  115  8:45  Drone  
  116  8:49  Overlord  
  116  8:50  Overlord x2  
  116  9:10  Hydralisk x5  
  116  9:11  Hydralisk  
  128  9:31  Hydralisk x2  
  128  9:32  Hydralisk x3  
  138  9:44  Hydralisk x3  
  144  9:46  Hydralisk  
  146  9:58  Infestation Pit  
  145  10:11  Muscular Augments  
  145  10:26  Drone  
  145  10:28  Overlord x3  
  146  10:29  Overlord  
  143  10:51  Drone x4  
  143  10:52  Drone x4  
  148  11:59  Hydralisk x5  
  148  12:00  Hydralisk x7  
  172  12:03  Overlord x2  
  172  12:07  Hive  
  172  12:13  Hatchery  
  172  12:15  Zergling x2  
  172  12:27  Zergling x6  
  175  12:46  Hydralisk x2  
  175  12:47  Hydralisk x2  
  137  13:05  Hydralisk  
  137  13:06  Hydralisk x3  
  107  13:28  Hydralisk x5  
  117  13:40  Drone  
  119  13:41  Drone x2  
  120  13:52  Hydralisk x3  
  124  14:00  Hydralisk x3  
  130  14:13  Drone x2  
  130  14:14  Drone x3  
  130  14:15  Drone x2, Queen  
  139  14:18  Hydralisk  
  141  14:41  Hydralisk  
  141  14:42  Hydralisk x7  
  141  14:44  Hatchery  
  156  14:54  Hydralisk x2  
  156  14:55  Hydralisk x3  
  166  15:10  Hydralisk x3  
  166  15:11  Hydralisk x2  
  176  15:24  Ultralisk Cavern  
  175  15:36  Hydralisk  
  175  15:37  Hydralisk x3  
  175  15:41  Drone x2  
  185  15:44  Extractor  
  185  15:45  Extractor  
  185  15:47  Drone x2  
  185  15:48  Drone x3  
  139  16:29  Hydralisk  
  139  16:30  Hydralisk x5  
  143  16:56  Zergling x12  
  143  16:57  Zergling x6  
  152  17:04  Zergling x2  
  126  17:32  Zergling x2  
  126  17:33  Zergling x8  
  131  17:43  Queen  
  133  17:51  Extractor  
  133  17:53  Extractor  
  133  17:58  Zergling x4  
  129  17:59  Zergling x6  
  139  18:27  Ultralisk x5  
  139  18:28  Ultralisk  
  152  18:56  Zergling x2  
  152  18:57  Zergling x12  
  143  19:10  Ultralisk x2  
  140  19:38  Chitinous Plating  
  140  19:42  Hatchery  
  139  19:55  Ultralisk  
  139  19:57  Zergling x2  
  139  19:58  Zergling x14  
  153  20:32  Hydralisk x2  
  153  20:33  Hydralisk x2  
  161  20:49  Hydralisk x2  
  165  20:50  Zergling x10  
  165  20:52  Overlord  
  90  21:30  Hydralisk x5  
  90  21:31  Hydralisk  
  72  21:39  Hydralisk  
  70  21:40  Hydralisk  
  70  21:45  Queen  
  76  21:56  Hydralisk x8  
  92  22:16  Hydralisk x3  
  92  22:17  Hydralisk  
  92  22:18  Hatchery  
  99  22:45  Hydralisk x3  
  99  22:46  Hydralisk x3  
  111  22:57  Hydralisk x3  
  117  23:03  Hydralisk  
  119  23:16  Hydralisk x3  
  105  23:38  Hydralisk x5  
  76  23:42  Hydralisk  
  74  24:07  Hydralisk x2  
  74  24:08  Hydralisk x3  
  84  24:22  Ultralisk x2  
  88  24:41  Ultralisk  
  60  24:57  Swarm Host  
  54  25:09  Ultralisk  
  54  25:37  Ultralisk x2  
Tags
 
Add a new tag
Caveats
  • Supply blocks, unpowered buildings, or Contaminate may cause inaccurate times.
  • Supply counts are checked every 10 seconds.